 Dungeon Crawl Stone Soup version 0.27.1-34-g3ba077fa99 (webtiles) character file.

Game seed: 818082020505420087

284 cbfl8 the Sneak (level 6, 0/53 HPs)
             Began as a Minotaur Delver on Jan 13, 2022.
             Splashed by a jelly's acid (8 damage)
             ... on level 4 of the Dungeon.
             The game lasted 00:04:18 (1159 turns).

cbfl8 the Sneak (Minotaur Delver)                   Turns: 1159, Time: 00:04:19

Health: 0/53       AC:  2    Str: 17    XL:     6   Next: 7%
Magic:  0/5        EV: 12    Int:  9    God:
Gold:   56         SH:  0    Dex: 11    Spells: 5/5 levels left

rFire    . . .     SeeInvis .   a - +0 hand axe
rCold    . . .     Faith    .   (no shield)
rNeg     . . .     Spirit   +   k - +0 robe {Will+}
rPois    .         Reflect  .   (helmet restricted)
rElec    .         Harm     .   r - +2 cloak
rCorr    .         Rampage  .   h - +0 pair of gloves
Will     +....                  (no boots)
Stlth    +++.......             t - amulet of guardian spirit
HPRegen  0.17/turn              (no ring)
MPRegen  0.09/turn              (no ring)

@: corroded
A: horns 2, retaliatory headbutt
a: no special abilities


You were on level 4 of the Dungeon.
You visited 1 branch of the dungeon, and saw 2 of its levels.

You collected 56 gold pieces.

Inventory:

Hand Weapons
 a - a +0 hand axe (weapon)
 d - a +0 broad axe
Missiles
 j - 51 bolts
Armour
 b - a +0 leather armour
 h - a +0 pair of gloves (worn)
 i - a +0 scale mail
 k - a +0 robe of willpower (worn)
 r - a +2 cloak (worn)
 s - a +0 helmet
Jewellery
 o - an amulet of the acrobat
 t - an amulet of guardian spirit (around neck)
Wands
 g - a wand of digging (3)
Scrolls
 c - a scroll of fog
 e - a scroll of fear
 m - a scroll of torment {unknown}
 q - a scroll of acquirement {unknown}
Potions
 f - a potion of haste
 l - a potion of flight {unknown}
 n - a potion of mutation {unknown}
 p - 2 potions of curing {unknown}


   Skills:
 + Level 4.7 Fighting
 + Level 3.5 Axes
 + Level 1.3 Armour
 + Level 2.6 Dodging
 + Level 6.0 Stealth


You had 5 spell levels left.
You didn't know any spells.
Your spell library was empty.

Dungeon Overview and Level Annotations

Branches:
Dungeon (5/15)
 Temple: D:4-7

Altars:

Shops:
D:5 [


Innate Abilities, Weirdness & Mutations

You have a pair of horns on your head.
You reflexively headbutt those who attack you in melee.


Message History

A jelly comes into view.
The gnoll throws a throwing net.
The throwing net misses you. The gnoll hits you with a +0 whip.
The gnoll hits you but does no damage.
You hit the gnoll but do no damage. You headbutt the gnoll!
The gnoll is severely wounded.
You hit the gnoll but do no damage. The gnoll hits you but does no damage.
The gnoll hits you with a +0 spear.
You closely miss the gnoll. Your headbutt misses the gnoll.
The gnoll is severely wounded.
You hit the gnoll.
The gnoll hits you from afar with a +0 spear.
The gnoll closely misses you. You furiously retaliate!
You headbutt the gnoll. The gnoll hits you with a +0 spear.
You hit the gnoll.
You kill the gnoll!
You closely miss the gnoll. The gnoll hits you but does no damage.
The gnoll hits you with a +0 whip. The gnoll barely misses you.
The jelly hits you but does no damage. The gnoll misses you.
You furiously retaliate!
You headbutt the gnoll, but do no damage.
You hit the gnoll.
The gnoll is lightly wounded.
You hit the gnoll. You barely miss the gnoll. You hit the jelly.
Your hands burn!
The gnoll hits you with a +0 whip. The jelly hits you but does no damage.
The gnoll barely misses you. The gnoll hits you with a +0 spear.
You hit the gnoll. You headbutt the gnoll.
The gnoll is moderately wounded.
You hit the jelly.
Your hands burn!
You hit the gnoll. You closely miss the gnoll. The gnoll completely misses you.
The jelly hits you.
You are splashed with acid!
* * * LOW HITPOINT WARNING * * *
The gnoll hits you with a +0 club.
* * * LOW HITPOINT WARNING * * *
The gnoll misses you. The gnoll hits you with a +0 whip.
* * * LOW HITPOINT WARNING * * *
The jelly hits you.
* * * LOW HITPOINT WARNING * * *
The acid corrodes you!
You are splashed with acid!
You die...

##.## #.# #.#
##'## ##...##
##.†...##
##.......##
#....†...J##.#..
+..(...g@g'.....
#......).g####..
##.......##
##.....##
##...## ##+##


You could see a jelly and 3 gnolls.

Vanquished Creatures
  An ogre (D:5)
  A necrophage (D:5)
  A phantom (D:5)
  Natasha (D:4)
  A gnoll (D:4)
  An adder (D:4)
  A dart slug (D:5)
7 creatures vanquished.

Notes
Turn   | Place    | Note
-------+----------+-------------------------------------------
     0 | D:5      | cbfl8 the Minotaur Delver began the quest for the Orb.
     0 | D:5      | Reached XP level 1. HP: 19/19 MP: 0/0
    73 | D:5      | Noticed a necrophage
    86 | D:5      | Killed a necrophage
    87 | D:5      | Reached skill level 5 in Stealth
    87 | D:5      | Reached XP level 2. HP: 11/27 MP: 1/1
    87 | D:5      | Reached XP level 3. HP: 14/33 MP: 2/2
    87 | D:5      | Reached XP level 4. HP: 17/40 MP: 3/3
   283 | D:5      | Noticed a phantom
   296 | D:5      | Killed a phantom
   297 | D:5      | Reached XP level 5. HP: 42/47 MP: 4/4
   439 | D:5      | Noticed an ogre
   450 | D:5      | Killed an ogre
   451 | D:5      | Reached skill level 1 in Armour
   733 | D:5      | Found Xejugupt's Antique Armour Shop.
  1108 | D:4      | Noticed Natasha
  1114 | D:4      | Killed Natasha
  1116 | D:4      | Reached skill level 6 in Stealth
  1116 | D:4      | Reached XP level 6. HP: 45/53 MP: 5/5
  1159 | D:4      | Splashed by a jelly's acid

Illustrated notes

Levels and vault maps discovered:
D:4:      layout_loops_corners, uniq_blork_the_orc, uniq_natasha
D:5:      layout_rooms, serial_shops, shop, minmay_fountain_box

Skill      XL: |  1  2  3  4  5 |
---------------+----------------+-----
Fighting       | 4 |  4.7
Stealth        | 5 6 |  6.0
Axes           | 3 |  3.5
Armour         | 1 |  1.3
Dodging        | |  2.6

Action                   |  1- 3 |  4- 6 || total
-------------------------+-------+-------++-------
Melee: Hand axe          |     5 |    25 ||    30
       Headbutt          |     1 |     3 ||     4
  Use: Scroll            |     1 |       ||     1
Armor: Scale mail        |       |     4 ||     4
       Robe              |       |     6 ||     6
Dodge: Dodged            |     2 |    21 ||    23
